 Dungeon Crawl Stone Soup version 0.30-a0-760-g5a9884bb7c (webtiles) character file.

Game seed: 16587542830342337649

23 retardedninja the Cudgeller (level 2, 0/23 HPs)
             Began as a Demonspawn Gladiator on Feb 10, 2023.
             Slain by a jackal (3 damage)
             ... on level 2 of the Dungeon.
             The game lasted 00:00:45 (762 turns).

retardedninja the Cudgeller (Demonspawn Gladiator)   Turns: 762, Time: 00:00:46

Health: 0/23       AC:  4    Str: 14    XL:     2   Next: 72%
Magic:  2/2        EV:  9    Int:  9    God:
Gold:   73         SH:  0    Dex: 14    Spells: 1/1 levels left

rFire   . . .      SeeInvis .    a - +0 flail
rCold   . . .      Faith    .    (no shield)
rNeg    . . .      Spirit   .    b - +0 leather armour
rPois   .          Reflect  .    c - +0 helmet
rElec   .          Harm     .    (no cloak)
rCorr   .          Rampage  .    (no gloves)
Will    .....                    (no boots)
Stlth   +                        (no amulet)
HPRegen 0.23/turn                (no ring)
MPRegen 0.08/turn                (no ring)

@: mighty, brilliant, constricted
A: powered by pain 1
a: no special abilities


You were on level 2 of the Dungeon.
You visited 1 branch of the dungeon, and saw 2 of its levels.

You collected 73 gold pieces.

Inventory:

Hand Weapons
 a - a +0 flail (weapon)
Missiles
 d - 3 throwing nets (quivered)
 e - a javelin
Armour
 b - a +0 leather armour (worn)
 c - a +0 helmet (worn)
Scrolls
 f - a scroll of enchant weapon {unknown}
 h - a scroll of identify {unknown}
 i - a scroll of amnesia {unknown}
 k - a scroll of acquirement {unknown}
 l - 2 scrolls of immolation {unknown}
 p - a scroll of enchant armour {unknown}
Potions
 g - a potion of curing {unknown}
 n - a potion of heal wounds {unknown}
 o - a potion of ambrosia {unknown}


   Skills:
 + Level 2.4 Fighting
 + Level 3.0 Maces & Flails
 + Level 2.1 Throwing
 + Level 2.9 Dodging


You had one spell level left.
You didn't know any spells.
Your spell library was empty.

Dungeon Overview and Level Annotations

Branches:
Dungeon (2/15)

Altars:


Innate Abilities, Weirdness & Mutations

You sometimes gain a little power by taking damage.


Message History

The jackal barely misses you. x2; The hobgoblin hits you.
The jackal closely misses you.
You hit the hobgoblin but do no damage.
The hobgoblin is moderately wounded.
The jackal bites you but does no damage.
The jackal barely misses you. The hobgoblin hits you. The jackal misses you.
You hit the hobgoblin.
You kill the hobgoblin!
The jackal bites you but does no damage.
The jackal closely misses you.
The jackal bites you but does no damage. x2
You barely miss the ball python. The jackal barely misses you.
The ball python closely misses you. x2; The jackal bites you.
The jackal misses you.
The ball python bites you but does no damage.
The ball python barely misses you. The jackal completely misses you.
You hit the ball python but do no damage.
The jackal closely misses you. The jackal barely misses you.
The ball python closely misses you. The ball python grabs you.
The ball python constricts you. The jackal bites you.
You hit the ball python.
The ball python is moderately wounded.
The jackal bites you.
* * * LOW HITPOINT WARNING * * *
The ball python misses you. The ball python constricts you.
The jackal bites you but does no damage. x2
The ball python bites you.
* * * LOW HITPOINT WARNING * * *
The ball python constricts you.
* * * LOW HITPOINT WARNING * * *
It was a potion of might.
You feel very mighty all of a sudden.
The jackal bites you but does no damage. x2
The ball python closely misses you. The ball python constricts you.
The jackal closely misses you. x2
It was a potion of brilliance.
You feel clever all of a sudden. The ball python misses you.
The ball python constricts you. The jackal bites you.
You die...

. .............. ..
#.#.........#.. ...
#.#.........#.#....
.##...........#.#....
.....................
.................# #
#..##.........h.#...#
.............@S......
.......#......h.#.#..
###.##..#.##.....#
#..........+.....#
#.#.#....<##.....#
.................#
...........#.##...#
##.#.....##..+...+ #
####.>##.##.. ..


You could see 2 jackals and a ball python.

Vanquished Creatures
  A dart slug (D:1)
  2 bats (D:1)
  A giant cockroach (D:1)
  A goblin (D:2)
  3 hobgoblins
  A jackal (D:2)
  3 kobolds (D:1)
  A quokka (D:1)
  2 ball pythons (D:1)
  2 rats (D:1)
17 creatures vanquished.

Notes
Turn   | Place    | Note
-------+----------+-------------------------------------------
     0 | D:1      | retardedninja the Demonspawn Gladiator began the quest for
                  | the Orb.
     0 | D:1      | Reached XP level 1. HP: 16/16 MP: 1/1
   237 | D:1      | Gained mutation: You sometimes gain a little power by
                  | taking damage. [demonic ancestry]
   237 | D:1      | Reached XP level 2. HP: 20/22 MP: 2/2
   591 | D:1      | Found a faded altar of an unknown god.
   751 | D:2      | Reached skill level 3 in Maces & Flails
   762 | D:2      | Slain by a jackal

Illustrated notes

Levels and vault maps discovered:
D:1:      spicycebolla_green_bress_n_ham_2, layout_basic,
          dreamdust_ecumenical_altar_statues, minmay_split_cup_small
D:2:      layout_basic, serial_shops, shop_statue, basic_altar

Skill      XL: |  1  2 |
---------------+-------+-----
Throwing       | 2 |  2.1
Maces & Flails | 3 |  3.0
Fighting       | |  2.4
Dodging        | |  2.9

Action                     || total
---------------------------++-------
  Melee: Flail             ||    51
    Use: Potion            ||     2
 Armour: Leather armour    ||    37
  Dodge: Dodged            ||    90

Table legend: (Time is in decaauts)
 A = Elapsed time spent in this place.
 B = Non-inter-level travel time spent in this place.
 C = Inter-level travel time spent in this place.
 D = Time resting spent in this place.
 E = Time spent auto-exploring this place.
 F = Levels seen in this place.
 G = Mean time per level.
                   A        B        C        D        E       F      G
               +--------+--------+--------+--------+--------+-----+--------+
         Total |    776 |    770 |      6 |      0 |    644 |   2 |  388.0 |
       Dungeon |    776 |    770 |      6 |      0 |    644 |   2 |  388.0 |
               +--------+--------+--------+--------+--------+-----+--------+

Top non-repeatable levels by time:
     D:1: 700 daAuts
     D:2: 76 daAuts
